Workbook

Sheet FTR - Results
G2: Results Tracker: KPI Dashboard | H2: Start Bank (Points) | I2: 100 | J2: Current Bank (Points) | K2: =N38+I2 -> 130.436 | L2: Total Points Staked | N2: =I38 -> 121
H3: Start Date | I3: 45689 | J3: PnL (Points +/-) | K3: =K2-I2 -> 30.436 | L3: Return on Investment (ROI) | N3: =K3/N2*100 -> 25.153719
H4: Active Days | I4: 28 | J4: Bank Growth (%) | K4: =K3/I2*100 -> 30.436 | L4: Return on Capital (ROC) | N4: =K3/I2*100 -> 30.436
B6: Day | C6: Date | D6: Comp | E6: Match | F6: Market | G6: Selection | H6: Price | I6: Points | J6: FT Result | K6: W/D/L | L6: Points (+/-) | M6: BF Comm | N6: Total Points
B7: 1 | C7: =I3 -> 45689 | D7: PRL | E7: Wolves v Aston Villa | F7: Asian Handicap | G7: Wolves 0 & +0.5 | H7: 2.02 | I7: 4 | J7: 2-0 | K7: W | L7: =IF(K7="w",(H7-1)*I7,-I7) -> 4.08 | M7: =IF(K7="w",(L7/100*2),0) -> 0.0816 | N7: =L7-M7 -> 3.9984
B8: 2 | C8: =C7+1 -> 45690 | D8: PRL | E8: Arsenal v Man City | F8: Asian Handicap | G8: Man City +0.5 | H8: 2.02 | I8: 4 | J8: 5-1 | K8: L | L8: =IF(K8="w",(H8-1)*I8,-I8) -> -4 | M8: =IF(K8="w",(L8/100*2),0) -> 0 | N8: =L8-M8 -> -4
B9: 3 | C9: =C8+1 -> 45691 | D9: PRL | E9: Chelsea v West Ham | F9: MO & BTTS | G9: Chelsea/Yes | H9: 2.6 | I9: 4 | J9: 2-1 | K9: W | L9: =IF(K9="w",(H9-1)*I9,-I9) -> 6.4 | M9: =IF(K9="w",(L9/100*2),0) -> 0.128 | N9: =L9-M9 -> 6.272
B10: 4 | C10: =C9+1 -> 45692 | D10: CHA | E10: QPR v Blackburn Rovers | F10: Match Odds | G10: QPR | H10: 2.78 | I10: 4 | J10: 2-1 | K10: W | L10: =IF(K10="w",(H10-1)*I10,-I10) -> 7.12 | M10: =IF(K10="w",(L10/100*2),0) -> 0.1424 | N10: =L10-M10 -> 6.9776
E11: Burnley v Oxford Utd (Bonus) | F11: Burnley win to nil | G11: Yes | H11: 2.26 | I11: 4 | J11: 1-0 | K11: W | L11: =IF(K11="w",(H11-1)*I11,-I11) -> 5.04 | M11: =IF(K11="w",(L11/100*2),0) -> 0.1008 | N11: =L11-M11 -> 4.9392
B12: 5 | C12: =C10+1 -> 45693 | D12: CHA | E12: Coventry v Leeds United | F12: Asian Handicap | G12: Coventry +0.5 | H12: 2.08 | I12: 4 | J12: 0-2 | K12: L | L12: =IF(K12="w",(H12-1)*I12,-I12) -> -4 | M12: =IF(K12="w",(L12/100*2),0) -> 0 | N12: =L12-M12 -> -4
B13: 6 | C13: =C12+1 -> 45694 | D13: LEC | E13: Liverpool v Tottenham | F13: MO & BTTS | G13: Liverpool / Yes | H13: 2.26 | I13: 4 | J13: 4-0 | K13: L | L13: =IF(K13="w",(H13-1)*I13,-I13) -> -4 | M13: =IF(K13="w",(L13/100*2),0) -> 0 | N13: =L13-M13 -> -4
B14: 7 | C14: =C13+1 -> 45695 | D14: FAC | E14: Man United v Leicester City | F14: MO & O/U 2.5 g | G14: Man Utd / Over | H14: 1.9 | I14: 4 | J14: 2-1 | K14: W | L14: =IF(K14="w",(H14-1)*I14,-I14) -> 3.6 | M14: =IF(K14="w",(L14/100*2),0) -> 0.072 | N14: =L14-M14 -> 3.528
B15: 8 | C15: =C14+1 -> 45696 | D15: FAC | E15: Everton v Bournemouth | F15: O/U 2.5 goals | G15: Over | H15: 1.94 | I15: 4 | J15: 0-2 | K15: L | L15: =IF(K15="w",(H15-1)*I15,-I15) -> -4 | M15: =IF(K15="w",(L15/100*2),0) -> 0 | N15: =L15-M15 -> -4
B16: 9 | C16: =C15+1 -> 45697 | D16: FAC | E16: Aston Villa v Tottenham | F16: MO & O/U 2.5 goals | G16: A Villa / Over | H16: 2.44 | I16: 4 | J16: 2-1 | K16: W | L16: =IF(K16="w",(H16-1)*I16,-I16) -> 5.76 | M16: =IF(K16="w",(L16/100*2),0) -> 0.1152 | N16: =L16-M16 -> 5.6448
B17: 10 | C17: =C16+1 -> 45698 | D17: SEA | E17: Inter Milan v Fiorentina | F17: MO & BTTS | G17: Inter / Yes | H17: 3.3 | I17: 4 | J17: 2-1 | K17: W | L17: =IF(K17="w",(H17-1)*I17,-I17) -> 9.2 | M17: =IF(K17="w",(L17/100*2),0) -> 0.184 | N17: =L17-M17 -> 9.016
B18: 11 | C18: =C17+1 -> 45699 | D18: UCL | E18: Brest v PSG | F18: MO & BTTS | G18: PSG / Yes | H18: 2.94 | I18: 4 | J18: 0-3 | K18: L | L18: =IF(K18="w",(H18-1)*I18,-I18) -> -4 | M18: =IF(K18="w",(L18/100*2),0) -> 0 | N18: =L18-M18 -> -4
B19: 12 | C19: =C18+1 -> 45700 | D19: PRL | E19: Everton v Liverpool | F19: Asian Handicap | G19: Liverpool -1.5 | H19: 2.41 | I19: 4 | J19: 2-2 | K19: L | L19: =IF(K19="w",(H19-1)*I19,-I19) -> -4 | M19: =IF(K19="w",(L19/100*2),0) -> 0 | N19: =L19-M19 -> -4
B20: 13 | C20: =C19+1 -> 45701 | D20: UEL | E20: Porto v Roma | F20: BTTS | G20: Yes | H20: 1.9 | I20: 4 | J20: 1-1 | K20: W | L20: =IF(K20="w",(H20-1)*I20,-I20) -> 3.6 | M20: =IF(K20="w",(L20/100*2),0) -> 0.072 | N20: =L20-M20 -> 3.528
B21: 14 | C21: =C20+1 -> 45702 | D21: PRL | E21: Brighton v Chelsea | F21: Match Odds | G21: Chelsea | H21: 2.4 | I21: 4 | J21: 3-0 | K21: L | L21: =IF(K21="w",(H21-1)*I21,-I21) -> -4 | M21: =IF(K21="w",(L21/100*2),0) -> 0 | N21: =L21-M21 -> -4
B22: 15 | C22: =C21+1 -> 45703 | D22: PRL | E22: Crystal Palace v Everton | F22: MO&O/U2.5 | G22: Palace / Under | H22: 3.9 | I22: 4 | J22: 1-2 | K22: L | L22: =IF(K22="w",(H22-1)*I22,-I22) -> -4 | M22: =IF(K22="w",(L22/100*2),0) -> 0 | N22: =L22-M22 -> -4
B23: 16 | C23: =C22+1 -> 45704 | D23: PRL | E23: Tottenham v Man United | F23: Match Odds | G23: Tottenham | H23: 2.32 | I23: 4 | J23: 1-0 | K23: W | L23: =IF(K23="w",(H23-1)*I23,-I23) -> 5.28 | M23: =IF(K23="w",(L23/100*2),0) -> 0.1056 | N23: =L23-M23 -> 5.1744
B24: 17 | C24: =C23+1 -> 45705 | D24: SEA | E24: Genoa v Venezia | F24: Match Odds | G24: Genoa | H24: 1.9 | I24: 4 | J24: 2-0 | K24: W | L24: =IF(K24="w",(H24-1)*I24,-I24) -> 3.6 | M24: =IF(K24="w",(L24/100*2),0) -> 0.072 | N24: =L24-M24 -> 3.528
... B29: 22 | C29: =C28+1 -> 45710 | D29: PRL | E29: Ipswich Town v Tottenham | F29: Match Odds | G29: Tottenham | H29: 2 | I29: 4 | J29: 1-4 | K29: W | L29: =IF(K29="w",(H29-1)*I29,-I29) -> 4 | M29: =IF(K29="w",(L29/100*2),0) -> 0.08 | N29: =L29-M29 -> 3.92
E30: Aston Villa v Chelsea | F30: Match Odds | G30: Aston Villa | H30: 2.74 | I30: 4 | J30: 2-1 | K30: W | L30: =IF(K30="w",(H30-1)*I30,-I30) -> 6.96 | M30: =IF(K30="w",(L30/100*2),0) -> 0.1392 | N30: =L30-M30 -> 6.8208
B31: 23 | C31: =C29+1 -> 45711 | D31: PRL | E31: Newcastle v Notts Forest | F31: Asian Handicap | G31: Forest +0.5 | H31: 2 | I31: 4 | J31: 4-3 | K31: L | L31: =IF(K31="w",(H31-1)*I31,-I31) -> -4 | M31: =IF(K31="w",(L31/100*2),0) -> 0 | N31: =L31-M31 -> -4
B32: 24 | C32: =C31+1 -> 45712 | D32: SEA | E32: Roma v Monza | F32: Asian Handicap | G32: Roma -1.5 | H32: 1.94 | I32: 4 | J32: 4-0 | K32: W | L32: =IF(K32="w",(H32-1)*I32,-I32) -> 3.76 | M32: =IF(K32="w",(L32/100*2),0) -> 0.0752 | N32: =L32-M32 -> 3.6848
B33: 25 | C33: =C32+1 -> 45713 | D33: PRL | E33: Wolves v Fulham | F33: O/U 2.5 goals | G33: Over | H33: 2.12 | I33: 4 | J33: 1-2 | K33: W | L33: =IF(K33="w",(H33-1)*I33,-I33) -> 4.48 | M33: =IF(K33="w",(L33/100*2),0) -> 0.0896 | N33: =L33-M33 -> 4.3904
B34: 26 | C34: =C33+1 -> 45714 | D34: PRL | E34: Tottenham v Man City | F34: Double Chance | G34: Home or Draw | H34: 1.9 | I34: 4 | J34: 0-1 | K34: L | L34: =IF(K34="w",(H34-1)*I34,-I34) -> -4 | M34: =IF(K34="w",(L34/100*2),0) -> 0 | N34: =L34-M34 -> -4
B35: 27 | C35: =C34+1 -> 45715 | D35: PRL | E35: West Ham v Leicester | F35: MO & O/U 2.5 goals | G35: West Ham / Over | H35: 2.7 | I35: 4 | J35: 2-0 | K35: L | L35: =IF(K35="w",(H35-1)*I35,-I35) -> -4 | M35: =IF(K35="w",(L35/100*2),0) -> 0 | N35: =L35-M35 -> -4
B36: 28 | C36: =C35+1 -> 45716 | D36: SEA | E36: Fiorentina v Lecce | F36: Match Odds | G36: Fiorentina | H36: 1.82 | I36: 3 | J36: 1-0 | K36: W | L36: =IF(K36="w",(H36-1)*I36,-I36) -> 2.46 | M36: =IF(K36="w",(L36/100*2),0) -> 0.0492 | N36: =L36-M36 -> 2.4108
F37: MO & O/U 2.5 goals | G37: Fiorentina / Under | H37: 3.75 | I37: 2 | K37: W | L37: =IF(K37="w",(H37-1)*I37,-I37) -> 5.5 | M37: =IF(K37="w",(L37/100*2),0) -> 0.11 | N37: =L37-M37 -> 5.39
I38: =SUM(I7:I37) -> 121 | J38: Pts Staked | K38: PnL | L38: =SUM(L7:L37) -> 32.2 | M38: =SUM(M7:M37) -> 1.764 | N38: =L38-M38 -> 30.436

Sheet FTR - Chart
B2: FOOTBALL TRADING ROOM - FEBRUARY 2025: DAILY RESULTS
B4: Day | C4: Day Points: Profit / Loss | D4: Accumulated Points
B5: 0 | C5: 0 | D5: 0
B6: 1 | C6: ='FTR - Results'!N7 -> 3.9984 | D6: =D5+C6 -> 3.9984
B7: 2 | C7: ='FTR - Results'!N8 -> -4 | D7: =D6+C7 -> -0.0016
B8: 3 | C8: ='FTR - Results'!N9 -> 6.272 | D8: =D7+C8 -> 6.2704
B9: 4 | C9: ='FTR - Results'!N10+'FTR - Results'!N11 -> 11.9168 | D9: =D8+C9 -> 18.1872
B10: 5 | C10: ='FTR - Results'!N12 -> -4 | D10: =D9+C10 -> 14.1872
B11: 6 | C11: ='FTR - Results'!N13 -> -4 | D11: =D10+C11 -> 10.1872
B12: 7 | C12: ='FTR - Results'!N14 -> 3.528 | D12: =D11+C12 -> 13.7152
B13: 8 | C13: ='FTR - Results'!N15 -> -4 | D13: =D12+C13 -> 9.7152
B14: 9 | C14: ='FTR - Results'!N16 -> 5.6448 | D14: =D13+C14 -> 15.36
B15: 10 | C15: ='FTR - Results'!N17 -> 9.016 | D15: =D14+C15 -> 24.376
B16: 11 | C16: ='FTR - Results'!N18 -> -4 | D16: =D15+C16 -> 20.376
B17: 12 | C17: ='FTR - Results'!N19 -> -4 | D17: =D16+C17 -> 16.376
B18: 13 | C18: ='FTR - Results'!N20 -> 3.528 | D18: =D17+C18 -> 19.904
B19: 14 | C19: ='FTR - Results'!N21 -> -4 | D19: =D18+C19 -> 15.904
B20: 15 | C20: ='FTR - Results'!N22 -> -4 | D20: =D19+C20 -> 11.904
B21: 16 | C21: ='FTR - Results'!N23 -> 5.1744 | D21: =D20+C21 -> 17.0784
... B26: 21 | C26: ='FTR - Results'!N28 -> 7.2128 | D26: =D25+C26 -> 15.8192
B27: 22 | C27: ='FTR - Results'!N29+'FTR - Results'!N30 -> 10.7408 | D27: =D26+C27 -> 26.56
B28: 23 | C28: ='FTR - Results'!N31 -> -4 | D28: =D27+C28 -> 22.56
B29: 24 | C29: ='FTR - Results'!N32 -> 3.6848 | D29: =D28+C29 -> 26.2448
B30: 25 | C30: ='FTR - Results'!N33 -> 4.3904 | D30: =D29+C30 -> 30.6352
B31: 26 | C31: ='FTR - Results'!N34 -> -4 | D31: =D30+C31 -> 26.6352
B32: 27 | C32: ='FTR - Results'!N35 -> -4 | D32: =D31+C32 -> 22.6352
B33: 28 | C33: ='FTR - Results'!N36+'FTR - Results'!N37 -> 7.8008 | D33: =D32+C33 -> 30.436

Sheet PGX5 - Results
G2: Record Tracking & Stake Calculation | H2: Start Bank (£) | I2: 1000 | N2: Current Bank (£) | O2: =O34 -> 1046.7738
H3: Start Date | I3: 45689 | N3: Growth (£) | O3: =O2-I2 -> 46.773833
H4: # Days | I4: 27 | N4: Increase (%) | O4: =SUM(O2-I2)/I2*100 -> 4.6773833
B6: Day | C6: Date | D6: Comp | E6: Match | F6: Market | G6: Selection | H6: Price | I6: Stake | J6: Result | K6: W/L/D | L6: Start Bank | M6: PnL | N6: BF Comm. | O6: End Bank
B7: 1 | C7: =I3 -> 45689 | D7: PRL | E7: West Ham v Bournemouth | F7: O/U 2.5 goals | G7: Over | H7: 1.7 | I7: =L7/16.5 -> 60.606061 | J7: 1-1 | K7: L | L7: =I2 -> 1000 | M7: =IF(K7="w",(H7-1)*I7,-I7) -> -60.606061 | N7: =IF(K7="w",(M7/100*2),0) -> 0 | O7: =L7+M7 -> 939.39394
B8: 2 | C8: =C7+1 -> 45690 | D8: LAL | E8: Athletic Bilbao v Mallorca | F8: Match Odds | G8: Athletic Bilbao | H8: 1.59 | I8: =L8/16.5 -> 56.932966 | J8: 4-0 | K8: W | L8: =O7 -> 939.39394 | M8: =IF(K8="w",(H8-1)*I8,-I8) -> 33.59045 | N8: =IF(K8="w",(M8/100*2),0) -> 0.671809 | O8: =L8+M8 -> 972.98439
B9: 3 | C9: =C8+1 -> 45691 | D9: PRL | E9: Sheffield Utd v Aston Villa | F9: BTTS | G9: Yes | H9: 1.72 | I9: =L9/16.5 -> 58.968751 | J9: 0-5 | K9: L | L9: =O8 -> 972.98439 | M9: =IF(K9="w",(H9-1)*I9,-I9) -> -58.968751 | N9: =IF(K9="w",(M9/100*2),0) -> 0 | O9: =L9+M9 -> 914.01564
B10: 4 | C10: =C9+1 -> 45692 | D10: PRL | E10: Manchester Utd v West Ham | F10: BTTS | G10: Yes | H10: 1.7 | I10: =L10/16.5 -> 55.394887 | J10: 3-0 | K10: L | L10: =O9 -> 914.01564 | M10: =IF(K10="w",(H10-1)*I10,-I10) -> -55.394887 | N10: =IF(K10="w",(M10/100*2),0) -> 0 | O10: =L10+M10 -> 858.62075
B11: 5 | C11: =C10+1 -> 45693 | D11: PRL | E11: Brentford v Man City | F11: BTTS | G11: Yes | H11: 1.85 | I11: =L11/16.5 -> 52.037621 | J11: 1-3 | K11: W | L11: =O10 -> 858.62075 | M11: =IF(K11="w",(H11-1)*I11,-I11) -> 44.231978 | N11: =IF(K11="w",(M11/100*2),0) -> 0.88463956 | O11: =L11+M11 -> 902.85273
B12: 6 | C12: =C11+1 -> 45694 | D12: FAC | E12: Plymouth v Leeds | F12: BTTS | G12: Yes | H12: 1.7 | I12: =L12/16.5 -> 54.718347 | J12: 1-1 | K12: W | L12: =O11 -> 902.85273 | M12: =IF(K12="w",(H12-1)*I12,-I12) -> 38.302843 | N12: =IF(K12="w",(M12/100*2),0) -> 0.76605686 | O12: =L12+M12 -> 941.15557
B13: 7 | C13: =C12+1 -> 45695 | D13: PRL | E13: Aston Villa v Chelsea | F13: O/U 3.5 goals | G13: Under | H13: 1.62 | I13: =L13/16.5 -> 57.039732 | J13: 1-3 | K13: L | L13: =O12 -> 941.15557 | M13: =IF(K13="w",(H13-1)*I13,-I13) -> -57.039732 | N13: =IF(K13="w",(M13/100*2),0) -> 0 | O13: =L13+M13 -> 884.11584
B14: 8 | C14: =C13+1 -> 45696 | D14: No Selection | I14: 0 | L14: =O13 -> 884.11584 | M14: =IF(K14="w",(H14-1)*I14,-I14) -> 0 | N14: =IF(K14="w",(M14/100*2),0) -> 0 | O14: =L14+M14 -> 884.11584
B15: 9 | C15: =C14+1 -> 45697 | D15: BUN | E15: Borussia Dortmund v Freiburg | F15: Asian Handicap | G15: Dortmund -1 | H15: 1.8 | I15: =O14/16.5 -> 53.582778 | J15: 3-0 | K15: W | L15: =O14 -> 884.11584 | M15: =IF(K15="w",(H15-1)*I15,-I15) -> 42.866223 | N15: =IF(K15="w",(M15/100*2),0) -> 0.85732445 | O15: =L15+M15 -> 926.98206
B16: 10 | C16: =C15+1 -> 45698 | D16: PRL | E16: Nottingham Forest v Newc | F16: BTTS | G16: Yes | H16: 1.65 | I16: =O15/16.5 -> 56.180731 | J16: 2-3 | K16: W | L16: =O15 -> 926.98206 | M16: =IF(K16="w",(H16-1)*I16,-I16) -> 36.517475 | N16: =IF(K16="w",(M16/100*2),0) -> 0.7303495 | O16: =L16+M16 -> 963.49954
B17: 11 | C17: =C16+1 -> 45699 | D17: PRL | E17: West Ham v Arsenal | F17: Asian Handicap | G17: West Ham +1.0 & 1.5 | H17: 1.82 | I17: =O16/16.5 -> 58.393911 | J17: 0-6 | K17: L | L17: =O16 -> 963.49954 | M17: =IF(K17="w",(H17-1)*I17,-I17) -> -58.393911 | N17: =IF(K17="w",(M17/100*2),0) -> 0 | O17: =L17+M17 -> 905.10563
B18: 12 | C18: =C17+1 -> 45700 | D18: PRL | E18: Crystal Palace v Chelsea | F18: Match Odds | G18: Chelsea | H18: 1.78 | I18: =O17/16.5 -> 54.854886 | J18: 1-3 | K18: W | L18: =O17 -> 905.10563 | M18: =IF(K18="w",(H18-1)*I18,-I18) -> 42.786811 | N18: =IF(K18="w",(M18/100*2),0) -> 0.85573623 | O18: =L18+M18 -> 947.89244
B19: 13 | C19: =C18+1 -> 45701 | D19: UCL | E19: RB Leipzig v Real Madrid | F19: BTTS | G19: Yes | H19: 1.56 | I19: =O18/16.5 -> 57.448027 | J19: 0-1 | K19: L | L19: =O18 -> 947.89244 | M19: =IF(K19="w",(H19-1)*I19,-I19) -> -57.448027 | N19: =IF(K19="w",(M19/100*2),0) -> 0 | O19: =L19+M19 -> 890.44441
B20: 14 | C20: =C19+1 -> 45702 | D20: UCL | E20: Lazio v Bayern Munich | F20: Match Odds | G20: Bayern | H20: 1.73 | I20: =O19/16.5 -> 53.966328 | J20: 1-0 | K20: L | L20: =O19 -> 890.44441 | M20: =IF(K20="w",(H20-1)*I20,-I20) -> -53.966328 | N20: =IF(K20="w",(M20/100*2),0) -> 0 | O20: =L20+M20 -> 836.47808
B21: 15 | C21: =C20+1 -> 45703 | D21: UEL | E21: Feyenoord v Roma | F21: BTTS | G21: Yes | H21: 1.83 | I21: =O20/16.5 -> 50.695641 | J21: 1-1 | K21: W | L21: =O20 -> 836.47808 | M21: =IF(K21="w",(H21-1)*I21,-I21) -> 42.077382 | N21: =IF(K21="w",(M21/100*2),0) -> 0.84154765 | O21: =L21+M21 -> 878.55547
B22: 16 | C22: =C21+1 -> 45704 | D22: SEA | E22: Torino v Lecce | F22: Match Odds | G22: Torino | H22: 1.85 | I22: =O21/16.5 -> 53.245786 | J22: 2-0 | K22: W | L22: =O21 -> 878.55547 | M22: =IF(K22="w",(H22-1)*I22,-I22) -> 45.258918 | N22: =IF(K22="w",(M22/100*2),0) -> 0.90517836 | O22: =L22+M22 -> 923.81438
B23: 17 | C23: =C22+1 -> 45705 | D23: PRL | E23: Brentford v Liverpool | F23: O/U 3.5 goals | G23: Under | H23: 1.84 | I23: =O22/16.5 -> 55.988751 | J23: 1-4 | K23: L | L23: =O22 -> 923.81438 | M23: =IF(K23="w",(H23-1)*I23,-I23) -> -55.988751 | N23: =IF(K23="w",(M23/100*2),0) -> 0 | O23: =L23+M23 -> 867.82563
B24: 18 | C24: =C23+1 -> 45706 | D24: PRL | E24: Luton v Manchester Utd | F24: Match Odds | G24: Manchester Utd | H24: 1.86 | I24: =O23/16.5 -> 52.595493 | J24: 1-2 | K24: W | L24: =O23 -> 867.82563 | M24: =IF(K24="w",(H24-1)*I24,-I24) -> 45.232124 | N24: =IF(K24="w",(M24/100*2),0) -> 0.90464248 | O24: =L24+M24 -> 913.05776
B25: 19 | C25: =C24+1 -> 45707 | D25: PRL | E25: Everton v Crystal Palace | F25: Draw No Bet | G25: Everton | H25: 1.6 | I25: =O24/16.5 -> 55.336834 | J25: 1-1 | K25: D | L25: =O24 -> 913.05776 | M25: 0 | N25: =IF(K25="w",(M25/100*2),0) -> 0 | O25: =L25+M25 -> 913.05776
B26: 20 | C26: =C25+1 -> 45708 | D26: UCL | E26: Inter Milan v Atletico Madrid | F26: Match Odds | G26: Inter Milan | H26: 1.78 | I26: =O25/16.5 -> 55.336834 | J26: 1-0 | K26: W | L26: =O25 -> 913.05776 | M26: =IF(K26="w",(H26-1)*I26,-I26) -> 43.16273 | N26: =IF(K26="w",(M26/100*2),0) -> 0.86325461 | O26: =L26+M26 -> 956.22049
B27: 21 | C27: =C26+1 -> 45709 | D27: UCL | E27: Porto v Arsenal | F27: Match Odds | G27: Arsenal | H27: 1.71 | I27: =O26/16.5 -> 57.952757 | J27: 1-0 | K27: L | L27: =O26 -> 956.22049 | M27: =IF(K27="w",(H27-1)*I27,-I27) -> -57.952757 | N27: =IF(K27="w",(M27/100*2),0) -> 0 | O27: =L27+M27 -> 898.26773
B28: 22 | C28: =C27+1 -> 45710 | D28: UEL | E28: Roma v Feyenoord | F28: O/U 2.5 goals | G28: Under | H28: 2 | I28: =O27/16.5 -> 54.440469 | J28: 1-1 | K28: W | L28: =O27 -> 898.26773 | M28: =IF(K28="w",(H28-1)*I28,-I28) -> 54.440469 | N28: =IF(K28="w",(M28/100*2),0) -> 1.0888094 | O28: =L28+M28 -> 952.7082
B29: 23 | C29: =C28+1 -> 45711 | D29: LAL | E29: Real Sociedad v Villarreal | F29: Match Odds | G29: Real Sociedad | H29: 1.8 | I29: =O28/16.5 -> 57.739891 | J29: 1-3 | K29: L | L29: =O28 -> 952.7082 | M29: =IF(K29="w",(H29-1)*I29,-I29) -> -57.739891 | N29: =IF(K29="w",(M29/100*2),0) -> 0 | O29: =L29+M29 -> 894.96831
B30: 24 | C30: =C29+1 -> 45712 | D30: PRL | E30: Crystal Palace v Burnley | F30: Match Odds | G30: Crystal Palace | H30: 2.06 | I30: =O29/16.5 -> 54.240504 | J30: 3-0 | K30: W | L30: =O29 -> 894.96831 | M30: =IF(K30="w",(H30-1)*I30,-I30) -> 57.494934 | N30: =IF(K30="w",(M30/100*2),0) -> 1.1498987 | O30: =L30+M30 -> 952.46324
B31: 25 | C31: =C30+1 -> 45713 | D31: LEC | E31: Chelsea v Liverpool | F31: Draw No Bet | G31: Liverpool | H31: 1.78 | I31: =O30/16.5 -> 57.725045 | J31: 0-1 | K31: W | L31: =O30 -> 952.46324 | M31: =IF(K31="w",(H31-1)*I31,-I31) -> 45.025535 | N31: =IF(K31="w",(M31/100*2),0) -> 0.9005107 | O31: =L31+M31 -> 997.48878
B32: 26 | C32: =C31+1 -> 45714 | D32: PRL | E32: West Ham v Brentford | F32: O/U 2.5 goals | G32: Over | H32: 1.8 | I32: =O31/16.5 -> 60.453865 | J32: 4-2 | K32: W | L32: =O31 -> 997.48878 | M32: =IF(K32="w",(H32-1)*I32,-I32) -> 48.363092 | N32: =IF(K32="w",(M32/100*2),0) -> 0.96726185 | O32: =L32+M32 -> 1045.8519
B33: 27 | C33: =C32+1 -> 45715 | D33: FAC | E33: Luton v Manchester City | F33: O/U 3.5 Goals | G33: Over | H33: 2.08 | I33: =O32/16.5 -> 63.384962 | J33: 2-6 | K33: W | L33: =O32 -> 1045.8519 | M33: =IF(K33="w",(H33-1)*I33,-I33) -> 68.455759 | N33: =IF(K33="w",(M33/100*2),0) -> 1.3691152 | O33: =L33+M33 -> 1114.3076
B34: 28 | C34: =C33+1 -> 45716 | D34: FAC | E34: Nottingham Forest v Man Utd | F34: Double Chance | G34: Home or Draw | H34: 1.69 | I34: =O33/16.5 -> 67.533796 | J34: 0-1 | K34: L | L34: =O33 -> 1114.3076 | M34: =IF(K34="w",(H34-1)*I34,-I34) -> -67.533796 | N34: =IF(K34="w",(M34/100*2),0) -> 0 | O34: =L34+M34 -> 1046.7738

Sheet PGX5 - CHART
B2: PRO-GENIE X5 - FEBRUARY 2025: DAILY RESULTS
B4: Day | C4: Profit / Loss (£) | D4: Acc Bank (£)
B5: 0 | C5: 0 | D5: 0
B6: 1 | C6: ='PGX5 - Results'!M7 -> -60.606061 | D6: =D5+C6 -> -60.606061
B7: 2 | C7: ='PGX5 - Results'!M8 -> 33.59045 | D7: =D6+C7 -> -27.015611
B8: 3 | C8: ='PGX5 - Results'!M9 -> -58.968751 | D8: =D7+C8 -> -85.984362
B9: 4 | C9: ='PGX5 - Results'!M10 -> -55.394887 | D9: =D8+C9 -> -141.37925
B10: 5 | C10: ='PGX5 - Results'!M11 -> 44.231978 | D10: =D9+C10 -> -97.147271
B11: 6 | C11: ='PGX5 - Results'!M12 -> 38.302843 | D11: =D10+C11 -> -58.844428
B12: 7 | C12: ='PGX5 - Results'!M13 -> -57.039732 | D12: =D11+C12 -> -115.88416
B13: 8 | C13: ='PGX5 - Results'!M14 -> 0 | D13: =D12+C13 -> -115.88416
B14: 9 | C14: ='PGX5 - Results'!M15 -> 42.866223 | D14: =D13+C14 -> -73.017937
B15: 10 | C15: ='PGX5 - Results'!M16 -> 36.517475 | D15: =D14+C15 -> -36.500461
B16: 11 | C16: ='PGX5 - Results'!M17 -> -58.393911 | D16: =D15+C16 -> -94.894373
B17: 12 | C17: ='PGX5 - Results'!M18 -> 42.786811 | D17: =D16+C17 -> -52.107561
... B33: 28 | C33: ='PGX5 - Results'!M34 -> -67.533796 | D33: =D32+C33 -> 46.773833
